 Dungeon Crawl Stone Soup version 0.31-a0-73-g838c19eb66 (webtiles) character file.

Game seed: 579144310330999039

159 Colgate the Magician (level 6, -1/51 HPs)
             Began as a Meteoran Necromancer on May 23, 2023.
             Was a Follower of Sif Muna.
             Slain by a gnoll
             ... wielding a +0 spear
              (5 damage)
             ... on level 3 of the Dungeon.
             The game lasted 00:11:00 (840 turns).

Colgate the Magician (Meteoran Necromancer)          Turns: 840, Time: 00:11:00

Health: -1/51      AC:  3    Str:  9    XL:     6   Next: 0%
Magic:  9/14       EV: 12    Int: 19    God:    Sif Muna [*.....]
Gold:   90         SH:  0    Dex: 15    Spells: 7/15 levels left

rFire   . . .        b - +0 halberd
rCold   . . .        (shield currently unavailable)
rNeg    . . .        p - +0 robe
rPois   .            (no helmet)
rElec   .            (no cloak)
rCorr   .            m - +0 pair of gloves
SInv    .            (no boots)
Will    .....        (no amulet)
Stlth   +            (no ring)
HPRegen 0.28/turn    (no ring)
MPRegen 0.14/turn

%: no passive effects
@: animating dead, glowing
A: sense surroundings 1, otherworldly, glowing, explore regen
a: Renounce Religion, Channel Magic


You were on level 3 of the Dungeon.
You worshipped Sif Muna.
Sif Muna was aware of your devotion.
You visited 1 branch of the dungeon, and saw 4 of its levels.

You collected 90 gold pieces.

Inventory:

Hand Weapons
 a - a +0 flail
 b - a +0 halberd (weapon)
Missiles
 f - a throwing net {!f}
Armour
 m - a +0 pair of gloves (worn)
 o - a +0 tower shield
 p - a +0 robe (worn)
Magical Staves
 j - a staff of fire
Scrolls
 d - a scroll of poison {unknown}
 k - a scroll of teleportation {unknown}
 l - a scroll of enchant armour {unknown}
 n - a scroll of identify {unknown}
Potions
 c - a potion of resistance {unknown}
 e - a potion of magic
 g - a potion of brilliance {unknown}
 h - a potion of heal wounds {unknown}
 i - a potion of mutation {unknown}


   Skills:
 + Level 3.0 Fighting
 - Level 2.4 Dodging
 - Level 1.4 Stealth
 - Level 5.0 Spellcasting
 - Level 5.0 Necromancy


You had 7 spell levels left.
You knew the following spells:

 Your Spells              Type           Power      Damage    Failure   Level
a - Necrotise             Necr           92%        1d8       1%          1
b - Vampiric Draining     Necr           23%        2d7       4%          3
c - Animate Dead          Necr           23%        N/A       16%         4

Your spell library contained the following spells:

 Spells                   Type           Power      Damage    Failure   Level
 Agony                    Necr           23%        N/A       41%         5
 Passage of Golubria      Tloc           4%         N/A       77%         4
 Silence                  Hex/Air        1%         N/A       99%         5
 Lehudib's Crystal Spear  Conj/Erth      1%         10d2      100%        8


Dungeon Overview and Level Annotations

Branches:
Dungeon (4/15) Zot: 1545
 Temple: D:4-7

Altars:
Sif Muna


Innate Abilities, Weirdness & Mutations

You passively map a small area around you.
You are easily found by Zot.
You glow in the dark.
You regain HP and MP as you explore.


Message History

Reach: b) +0 halberd
Aim: an orc, wielding a +0 flail and wearing a +0 scale mail (ally target, about 46% to evade your +0 halberd)
Okay, then.
Reach: b) +0 halberd You reach to attack!
You miss something.
The orc hits your gnoll zombie with a +0 flail.
Your gnoll zombie is destroyed!
You hear some strange, mumbled words.
A puff of flame appears from out of thin air!
The puff of flame hits you!
The orc barely misses your giant cockroach zombie.
Something hits your giant cockroach zombie.
Reach: b) +0 halberd You reach to attack!
You miss something.
Your giant cockroach zombie bites the orc.
The orc priest calls upon Beogh to heal the orc.
The orc's wounds heal themselves!
Something barely misses your giant cockroach zombie.
The orc hits your giant cockroach zombie with a +0 flail.
Your giant cockroach zombie is destroyed!
You hear a shout!
Reach: b) +0 halberd You reach to attack!
You closely miss something.
The gnoll hits you from afar with a +0 spear.
An orc wizard comes into view. It is wielding a +1 dagger of freezing.
Something hits you but does no damage. The orc hits you with a +0 flail.
The orc priest looks braver for a moment.
Reach: b) +0 halberd
Aim: an orc priest, wielding a +0 hand axe and wearing a +0 scale mail (about 46% to evade your +0 halberd)
You reach to attack!
You hit the orc priest but do no damage.
The orc priest calls down the wrath of Beogh upon you.
Beogh smites you!
* * * LOW HITPOINT WARNING * * *
You hear some strange, mumbled words.
A magic dart appears from out of thin air!
The magic dart hits you.
* * * LOW HITPOINT WARNING * * *
The gnoll hits you from afar with a +0 spear.
You die...

.###............#
...#..###.##.####
.#.#..###.##Z#.. ,*#
.†.....##.##.#.# .# ,
.......##.##.#.####.
#............#.#...*# ,
#.##......####.#.##.#.#
, , #)####.####
##g{o....# #.)))).##
#oo.@....#* #####...#
#.#####..... #...# #.#
,### #...# #o# * *
#.).# #.# * ,*
#####...#####g#####..
..................... *
, *
........).........##. *
.............##)#.#


You could see an orc priest, an orc wizard, a gnoll and an orc.

Vanquished Creatures
  3 adders
  4 gnolls
  3 worms (D:3)
  A dart slug (D:1)
  4 orcs (D:3)
  A bat (D:1)
  5 endoplasms (D:1)
  6 giant cockroaches
  6 hobgoblins
  3 kobolds
  4 quokkas (D:3)
  4 ball pythons
  2 frilled lizards (D:1)
  3 goblins
  3 rats
52 creatures vanquished.

Vanquished Creatures (collateral kills)
  An orc wizard (D:3)
  A quokka (D:1)
2 creatures vanquished.

Vanquished Creatures (others)
  A worm zombie (D:3)
  An orc zombie (D:3)
  A giant cockroach zombie (D:3)
  A gnoll zombie (D:3)
4 creatures vanquished.

Grand Total: 58 creatures vanquished

Notes
Turn   | Place    | Note
-------+----------+-------------------------------------------
     0 | D:1      | Colgate the Meteoran Necromancer began the quest for the
                  | Orb.
     0 | D:1      | Reached XP level 1. HP: 14/14 MP: 5/5
    49 | D:1      | Reached XP level 2. HP: 20/20 MP: 1/7
   115 | D:1      | Reached XP level 3. HP: 26/26 MP: 1/9
   119 | D:1      | Learned a level 3 spell: Vampiric Draining
   251 | D:2      | Reached XP level 4. HP: 33/33 MP: 8/11
   323 | D:2      | Reached skill level 5 in Spellcasting
   389 | D:2      | Learned a level 4 spell: Animate Dead
   456 | D:4      | Noticed an ogre
   512 | D:3      | Found a faded altar of an unknown god.
   518 | D:3      | Prayed at the altar of an unknown god.
   518 | D:3      | Became a worshipper of Sif Muna the Loreminder
   518 | D:3      | Reached * piety under Sif Muna
   614 | D:3      | Reached skill level 5 in Necromancy
   614 | D:3      | Reached XP level 5. HP: 38/38 MP: 7/13
   621 | D:3      | Reached skill level 1 in Fighting
   834 | D:3      | Reached XP level 6. HP: 30/50 MP: 8/14
   840 | D:3      | Slain by a gnoll

Illustrated notes

Levels and vault maps discovered:
D:1:      heliophobic_arrival_henge, layout_rooms, minmay_misc_feat_roman
D:2:      layout_basic, basic_altar
D:3:      layout_loops_cross, shapermc_ecumenical_altar_mp_highgroup
D:4:      layout_loops_corners, minmay_tree_intersection

Skill      XL: |  1  2  3  4  5  6 |
---------------+-------------------+-----
Spellcasting   | 3 4 5 |  5.0
Necromancy     | 5 |  5.0
Fighting       | 2 3 |  3.0
Dodging        | |  2.4
Stealth        | |  1.4

Action                     |  1- 3 |  4- 6 || total
---------------------------+-------+-------++-------
  Melee: Unarmed           |     3 |       ||     3
         Dagger            |     7 |       ||     7
         Spear             |     5 |    60 ||    65
         Halberd           |       |    14 ||    14
         Punch             |       |     1 ||     1
   Cast: Necrotise         |    40 |    35 ||    75
         Vampiric Draining |       |    11 ||    11
         Animate Dead      |       |     3 ||     3
   Stab: Distracted        |       |     1 ||     1
 Armour: Robe              |     5 |    14 ||    19
  Dodge: Dodged            |    11 |    42 ||    53

Table legend: (Time is in decaauts)
 A = Elapsed time spent in this place.
 B = Non-inter-level travel time spent in this place.
 C = Inter-level travel time spent in this place.
 D = Time resting spent in this place.
 E = Time spent auto-exploring this place.
 F = Levels seen in this place.
 G = Mean time per level.
                   A        B        C        D        E       F      G
               +--------+--------+--------+--------+--------+-----+--------+
         Total |    852 |    852 |      0 |      0 |     65 |   4 |  213.0 |
       Dungeon |    852 |    852 |      0 |      0 |     65 |   4 |  213.0 |
               +--------+--------+--------+--------+--------+-----+--------+

Top non-repeatable levels by time:
     D:3: 460 daAuts
     D:1: 263 daAuts
     D:2: 126 daAuts
     D:4: 1 daAuts
